Los Angeles Kings vs Nashville Predators
Created - Monday, March 17, 2025 at 09:03
Goals
|
| Los Angeles Kings |
1 |
1 |
1 |
3 |
| Nashville Predators |
1 |
4 |
2 |
7 |
|
Shots
|
| Los Angeles Kings |
9 |
9 |
12 |
30 |
| Nashville Predators |
10 |
15 |
12 |
37 |
|
1st period
1. Nashville Predators , Leo Carlsson 13 (Thomas Novak 12) at 13:28
2. Los Angeles Kings , Peyton Krebs 4 (Michael Eyssimont 4, Michael Milne 7) at 16:44
Penalties :
Michael Milne (LAK) for Roughing (Minor) at 9:56, Ryan Hartman (NSH) for Tripping (Minor) at 10:41
2nd period
3. Los Angeles Kings , Andrei Svechnikov 16 (Adam Fantilli 10, Owen Power 10) at 1:19
4. Nashville Predators , Colton Sissons 15 (Alexander Wennberg 17, Ryan Hartman 13) at 2:24
5. Nashville Predators , Timo Meier 11 (Alex DeBrincat 18, Tage Thompson 14) at 3:33
6. Nashville Predators , Timo Meier 12 (Artem Zub 7) at 4:47 (PP)
7. Nashville Predators , Alex DeBrincat 9 (Tage Thompson 15, Timo Meier 11) at 9:31 (PP)
Penalties :
Blake Wheeler (LAK) for Slashing (Minor) at 4:19, Alexander Romanov (LAK) for Hooking (Minor) at 8:41, Andrei Svechnikov (LAK) for Holding (Minor) at 11:23
3rd period
8. Los Angeles Kings , Andrei Svechnikov 17 (Trent Frederic 2) at 8:48
9. Nashville Predators , Rasmus Andersson 3 (Colton Sissons 17, Ryan Hartman 14) at 13:09 (PP)
10. Nashville Predators , Thomas Novak 8 (Artem Zub 8) at 16:38
Penalties :
Erik Brannstrom (LAK) for Hooking (Minor) at 9:22, Ryan Reaves (LAK) for Cross-checking (Minor) at 13:00
Goalie Stats
Andrei Vasilevskiy (LAK), 30 saves from 37 shots - (0.811), L, 3-10-3, 60:00 minutes
Thatcher Demko (NSH), 27 saves from 30 shots - (0.900), W, 15-11-2, 60:00 minutes
Players Stats for Los Angeles Kings
Player Name G A P +/- PIM S H SB GA TA FO MP PP MP PK MP
------------------------------------------------------------------------------------
Adam Fantilli 0 1 1 1 0 2 4 0 0 1 6/18 17:37 0:15 0:45
Alexander Alexeyev 0 0 0 1 0 0 1 2 0 2 0/0 14:52 0:00 0:00
Alexander Romanov 0 0 0 1 2 1 1 1 0 0 0/0 21:49 0:28 2:09
Andrei Svechnikov 2 0 2 1 2 6 4 0 0 2 1/1 19:36 0:32 1:56
Blake Wheeler 0 0 0 0 2 0 1 3 1 0 0/0 20:09 0:15 0:00
Cooper Marody 0 0 0 -1 0 0 0 0 0 0 4/6 5:50 0:00 0:00
Erik Brannstrom 0 0 0 -2 2 3 2 0 1 0 0/4 23:55 0:13 2:06
K'Andre Miller 0 0 0 -3 0 3 2 3 0 0 0/0 23:04 0:17 3:47
Logan Cooley 0 0 0 -1 0 1 2 1 0 0 6/13 18:57 0:13 2:56
Michael Eyssimont 0 1 1 0 0 1 3 0 0 0 0/1 13:39 0:00 0:00
Michael Milne 0 1 1 0 2 2 0 1 0 0 0/0 15:05 0:17 0:31
Noah Dobson 0 0 0 -3 0 3 0 0 0 0 0/0 22:28 0:17 3:11
Owen Power 0 1 1 1 0 4 2 1 0 1 0/0 22:40 0:28 2:59
Peyton Krebs 1 0 1 0 0 3 0 1 0 0 6/11 15:23 0:00 1:05
Ryan Reaves 0 0 0 0 2 0 0 0 0 0 0/0 0:42 0:00 0:00
Seth Jarvis 0 0 0 -1 0 1 2 1 4 1 5/7 19:23 0:30 3:15
Trent Frederic 0 1 1 1 0 0 0 0 0 2 0/0 17:21 0:00 0:00
Vitali Kravtsov 0 0 0 0 0 0 0 0 0 0 0/0 0:00 0:00 0:00
Players Stats for Nashville Predators
Player Name G A P +/- PIM S H SB GA TA FO MP PP MP PK MP
------------------------------------------------------------------------------------
Alex DeBrincat 1 1 2 0 0 4 2 1 0 1 0/1 19:54 3:09 0:00
Alexander Wennberg 0 1 1 -1 0 2 1 0 0 0 1/2 18:12 2:19 0:00
Artem Zub 0 2 2 -1 0 0 3 0 0 0 0/0 23:58 2:55 0:28
Ben Chiarot 0 0 0 1 0 0 0 0 0 0 0/0 12:39 0:31 0:00
Brandon Montour 0 0 0 -1 0 2 1 4 0 0 0/0 23:49 3:12 0:17
Colton Sissons 1 1 2 -1 0 3 0 0 2 0 3/7 18:48 2:19 0:44
Kailer Yamamoto 0 0 0 1 0 0 1 0 0 0 0/1 7:14 0:00 0:00
Leo Carlsson 1 0 1 1 0 2 0 1 1 0 0/0 9:07 0:42 0:32
Pius Suter 0 0 0 1 0 1 2 0 0 1 0/0 13:55 0:42 0:13
Rasmus Andersson 1 0 1 1 0 1 0 0 0 0 0/0 22:50 2:27 0:00
Ryan Hartman 0 2 2 -1 2 2 1 1 1 1 6/12 17:44 2:18 0:00
Simon Benoit 0 0 0 1 0 0 0 0 0 1 0/0 12:08 0:00 0:00
Tage Thompson 0 2 2 0 0 4 2 0 1 0 19/28 19:54 3:09 0:00
Taylor Raddysh 0 0 0 1 0 0 0 0 0 0 0/0 12:20 0:00 0:00
Thomas Novak 1 1 2 1 0 3 1 0 0 0 2/7 12:52 0:32 0:00
Timo Meier 2 1 3 0 0 7 1 0 0 1 1/2 19:54 3:09 0:00
Travis Sanheim 0 0 0 1 0 1 1 1 3 1 0/0 24:36 3:15 0:45
Trevor Zegras 0 0 0 1 0 5 0 0 1 0 1/1 8:06 0:10 0:01
3 Stars
1 - Timo Meier (NSH)
2 - Thomas Novak (NSH)
3 - Alex DeBrincat (NSH)
Power Play
Los Angeles Kings - 0 on 1 Attempt(s) - 0.00%
Nashville Predators - 3 on 6 Attempt(s) - 50.00%
Penalty Kill
Los Angeles Kings - 3 on 6 Attempt(s) - 50.00%
- Score 0 goal in Penalty Kill
Nashville Predators - 1 on 1 Attempt(s) - 100.00%
- Score 0 goal in Penalty Kill
Team Stat
Los Angeles Kings - Hits : 24 - Faceoff Wins : 28 - Blocked Shots : 14 - Penalty Minutes : 12
Nashville Predators - Hits : 16 - Faceoff Wins : 33 - Blocked Shots : 8 - Penalty Minutes : 2
Official
Referees : Kevin Pollock and Mitch Dunning
Linesman : James Tobias and Kilian McNamara
Game Notes
No Game Note
Finance
Level 1 -- Attendance: 4393 (73.22%) -- Ticket Income $439,300
Level 2 -- Attendance: 3683 (73.66%) -- Ticket Income $220,980
Level 3 -- Attendance: 2195 (73.17%) -- Ticket Income $76,825
Level 4 -- Attendance: 3930 (78.60%) -- Ticket Income $98,250
Luxury Box -- Attendance: 730 (73.00%) -- Ticket Income $146,000
Game was played at the Bridgestone Arena.
Total Attendance: 14931 (74.66%)
Total Ticket Income: $981,355
Other Income: $343,474
Total Income: $1,324,829
Los Angeles Kings
5 vs 5 Forward
Center Left Wing Right Wing Time % Phy DF OF
1 Logan Cooley Erik Brannstrom Seth Jarvis 30 1 2 2
2 Adam Fantilli Trent Frederic Andrei Svechnikov 30 1 2 2
3 Peyton Krebs Michael Milne Michael Eyssimont 25 1 2 2
4 Cooper Marody Erik Brannstrom Blake Wheeler 15 1 2 2
5 vs 5 Defense
Defense Defense Time % Phy DF OF
1 Noah Dobson K'Andre Miller 35 1 2 2
2 Alexander Romanov Owen Power 35 1 2 2
3 Alexander Alexeyev Blake Wheeler 30 1 2 2
4 Noah Dobson K'Andre Miller 0 1 2 2
PowerPlay Forward
Center Left Wing Right Wing Time % Phy DF OF
1 Logan Cooley Erik Brannstrom Seth Jarvis 50 1 2 2
2 Adam Fantilli Blake Wheeler Andrei Svechnikov 50 1 2 2
PowerPlay Defense
Defense Defense Time % Phy DF OF
1 Noah Dobson K'Andre Miller 50 1 2 2
2 Alexander Romanov Owen Power 50 1 2 2
Penalty Kill 4 Players Forward
Center Wing Time % Phy DF OF
1 Seth Jarvis Andrei Svechnikov 50 1 2 2
2 Erik Brannstrom Logan Cooley 50 1 2 2
Penalty Kill 4 Players Defense
Defense Defense Time % Phy DF OF
1 Noah Dobson K'Andre Miller 50 1 2 2
2 Alexander Romanov Owen Power 50 1 2 2
Penalty Kill - 3 Players Forward
Forward Time % Phy DF OF
1 Seth Jarvis 50 1 2 2
2 Andrei Svechnikov 50 1 2 2
Penalty Kill - 3 Players Defense
Defense Defense Time % Phy DF OF
1 Noah Dobson K'Andre Miller 50 1 2 2
2 Alexander Romanov Owen Power 50 1 2 2
4 vs 4 Forward
Center Wing Time % Phy DF OF
1 Seth Jarvis Andrei Svechnikov 50 1 2 2
2 Erik Brannstrom Logan Cooley 50 1 2 2
4 vs 4 Defense
Defense Defense Time % Phy DF OF
1 Noah Dobson K'Andre Miller 50 1 2 2
2 Alexander Romanov Owen Power 50 1 2 2
Last Minutes Offensive
Center Left Wing Right Wing Defense Defense
Logan Cooley Erik Brannstrom Seth Jarvis Noah Dobson K'Andre Miller
Last Minutes Defensive
Center Left Wing Right Wing Defense Defense
Logan Cooley Erik Brannstrom Seth Jarvis Noah Dobson K'Andre Miller
Goaltenders
Starting : Andrei Vasilevskiy
Backup : Jonas Johansson
Extra Forwards
Normal : Trent Frederic, Ryan Reaves, Seth Jarvis - PP : Trent Frederic, Ryan Reaves - PK : Seth Jarvis
Extra Defensemen
Normal : Noah Dobson, Erik Brannstrom, Alexander Romanov - PP : K'Andre Miller - PK : Erik Brannstrom, Alexander Romanov
Penalty Shots
Seth Jarvis, Andrei Svechnikov, Erik Brannstrom, Logan Cooley, Blake Wheeler
Scratches
Andrei Kuzmenko (Healthy), Jakub Zboril (Healthy)
Nashville Predators
5 vs 5 Forward
Center Left Wing Right Wing Time % Phy DF OF
1 Tage Thompson Timo Meier Alex DeBrincat 37 0 2 3
2 Ryan Hartman Alexander Wennberg Colton Sissons 33 0 2 3
3 Thomas Novak Pius Suter Taylor Raddysh 25 0 2 3
4 Trevor Zegras Kailer Yamamoto Leo Carlsson 5 0 2 3
5 vs 5 Defense
Defense Defense Time % Phy DF OF
1 Artem Zub Brandon Montour 40 1 2 2
2 Rasmus Andersson Travis Sanheim 36 1 4 0
3 Ben Chiarot Simon Benoit 24 0 5 0
4 Artem Zub Ben Chiarot 0 1 3 1
PowerPlay Forward
Center Left Wing Right Wing Time % Phy DF OF
1 Tage Thompson Timo Meier Alex DeBrincat 50 1 1 3
2 Colton Sissons Alexander Wennberg Ryan Hartman 50 1 1 3
PowerPlay Defense
Defense Defense Time % Phy DF OF
1 Brandon Montour Travis Sanheim 50 1 1 3
2 Artem Zub Rasmus Andersson 50 2 2 1
Penalty Kill 4 Players Forward
Center Wing Time % Phy DF OF
1 Colton Sissons Ryan Hartman 65 1 2 2
2 Leo Carlsson Alexander Wennberg 35 1 2 2
Penalty Kill 4 Players Defense
Defense Defense Time % Phy DF OF
1 Artem Zub Travis Sanheim 60 2 3 0
2 Brandon Montour Rasmus Andersson 40 1 3 1
Penalty Kill - 3 Players Forward
Forward Time % Phy DF OF
1 Colton Sissons 50 1 2 2
2 Ryan Hartman 50 1 2 2
Penalty Kill - 3 Players Defense
Defense Defense Time % Phy DF OF
1 Artem Zub Travis Sanheim 50 1 2 2
2 Brandon Montour Rasmus Andersson 50 1 2 2
4 vs 4 Forward
Center Wing Time % Phy DF OF
1 Colton Sissons Leo Carlsson 50 1 2 2
2 Alexander Wennberg Ryan Hartman 50 1 2 2
4 vs 4 Defense
Defense Defense Time % Phy DF OF
1 Brandon Montour Travis Sanheim 60 2 2 1
2 Rasmus Andersson Artem Zub 40 2 2 1
Last Minutes Offensive
Center Left Wing Right Wing Defense Defense
Colton Sissons Alex DeBrincat Timo Meier Ryan Hartman Brandon Montour
Last Minutes Defensive
Center Left Wing Right Wing Defense Defense
Alexander Wennberg Trevor Zegras Colton Sissons Artem Zub Travis Sanheim
Goaltenders
Starting : Thatcher Demko
Backup : Anthony Stolarz
Extra Forwards
Normal : Leo Carlsson, Colton Sissons, Pius Suter - PP : Colton Sissons, Thomas Novak - PK : Leo Carlsson
Extra Defensemen
Normal : Rasmus Andersson, Brandon Montour, Travis Sanheim - PP : Rasmus Andersson - PK : Ben Chiarot, Artem Zub
Penalty Shots
Alex DeBrincat, Ryan Hartman, Thomas Novak, Timo Meier, Leo Carlsson
Scratches
Christian Dvorak (Healthy), Jayden Struble (Healthy), Victor Olofsson (Healthy), Mads Sogaard (Healthy), Samuel Ersson (Healthy)
% Time on Ice - Los Angeles Kings
Lines # - Real PCT - Wanted PCT - Time Play
Normal Forward
1 - 29% - 30% - 15:06
2 - 33% - 30% - 17:16
3 - 26% - 25% - 13:39
4 - 11% - 15% - 5:50
Normal Defense
1 - 35% - 35% - 18:24
2 - 36% - 35% - 18:35
3 - 29% - 30% - 14:52
4 - 0% - 0% - 0:00
PP Forward
1 - 67% - 50% - 0:30
2 - 33% - 50% - 0:15
PP Defense
1 - 38% - 50% - 0:17
2 - 62% - 50% - 0:28
PK Forward
1 - 48% - 50% - 2:56
2 - 52% - 50% - 3:14
PK Defense
1 - 52% - 50% - 3:11
2 - 48% - 50% - 2:59
PK3 Forward
1 - 0% - 50%
2 - 0% - 50%
PK3 Defense
1 - 0% - 50%
2 - 0% - 50%
44 Forward
1 - 43% - 50% - 0:32
2 - 57% - 50% - 0:42
44 Defense
1 - 49% - 50% - 0:36
2 - 51% - 50% - 0:38
Last Minute Offensive - 0:00
Last Minute Defensive - 0:00
Total
Forward - 60:00
Defense - 60:00
|
% Time on Ice - Nashville Predators
Lines # - Real PCT - Wanted PCT - Time Play
Normal Forward
1 - 33% - 37% - 17:05
2 - 29% - 33% - 15:12
3 - 24% - 25% - 12:20
4 - 14% - 5% - 7:14
Normal Defense
1 - 39% - 40% - 20:22
2 - 37% - 36% - 19:21
3 - 23% - 24% - 12:08
4 - 0% - 0% - 0:00
PP Forward
1 - 59% - 50% - 3:39
2 - 41% - 50% - 2:31
PP Defense
1 - 53% - 50% - 3:15
2 - 47% - 50% - 2:55
PK Forward
1 - 100% - 65% - 0:45
2 - 0% - 35% - 0:00
PK Defense
1 - 100% - 60% - 0:45
2 - 0% - 40% - 0:00
PK3 Forward
1 - 0% - 50%
2 - 0% - 50%
PK3 Defense
1 - 0% - 50%
2 - 0% - 50%
44 Forward
1 - 45% - 50% - 0:33
2 - 55% - 50% - 0:41
44 Defense
1 - 16% - 60% - 0:12
2 - 84% - 40% - 1:02
Last Minute Offensive - 0:00
Last Minute Defensive - 0:00
Total
Forward - 60:00
Defense - 60:00
|
Play-by-Play
1st period
0:01 of 1st period - Tage Thompson wins face-off versus Logan Cooley in neutral zone.
0:04 of 1st period - Erik Brannstrom is hit by Artem Zub and loses puck.
0:13 of 1st period - Slapshot by Tage Thompson.
0:13 of 1st period - Stopped by Andrei Vasilevskiy with a rebound.
0:43 of 1st period - Icing by Peyton Krebs.
0:44 of 1st period - Thomas Novak wins face-off versus Peyton Krebs in Los Angeles Kings zone.
1:21 of 1st period - Wrist shot by Pius Suter.
1:21 of 1st period - Deflect By Thomas Novak.
1:21 of 1st period - Shot Misses the Net.
1:21 of 1st period - Puck is out of play.
1:22 of 1st period - Cooper Marody wins face-off versus Tage Thompson in Los Angeles Kings zone.
1:22 of 1st period - Cooper Marody is hit by Alex DeBrincat.
1:58 of 1st period - Snap shot by Trevor Zegras.
1:58 of 1st period - Deflect By Erik Brannstrom.
1:58 of 1st period - Shot Blocked by Alexander Alexeyev.
1:58 of 1st period - Puck is out of play.
1:59 of 1st period - Ryan Hartman wins face-off versus Peyton Krebs in Los Angeles Kings zone.
2:11 of 1st period - Noah Dobson is hit by Brandon Montour and loses puck.
2:37 of 1st period - Snap shot by Tage Thompson.
2:37 of 1st period - Stopped by Andrei Vasilevskiy with a rebound.
2:46 of 1st period - Off-side.
2:47 of 1st period - Adam Fantilli wins face-off versus Thomas Novak in neutral zone.
2:58 of 1st period - Alexander Alexeyev is hit by Thomas Novak.
3:12 of 1st period - Travis Sanheim is hit by Seth Jarvis.
3:13 of 1st period - Icing by Travis Sanheim.
3:14 of 1st period - Logan Cooley wins face-off versus Colton Sissons in Nashville Predators zone.
3:49 of 1st period - Slapshot by Peyton Krebs.
3:49 of 1st period - Stopped by Thatcher Demko with a rebound.
4:01 of 1st period - Slapshot by Trevor Zegras.
4:01 of 1st period - Stopped by Andrei Vasilevskiy with a rebound.
4:03 of 1st period - Snap shot by Travis Sanheim.
4:03 of 1st period - Deflect By Trevor Zegras.
4:03 of 1st period - Stopped by Andrei Vasilevskiy with a rebound.
5:20 of 1st period - Slapshot by Alex DeBrincat.
5:20 of 1st period - Deflect By Tage Thompson.
5:20 of 1st period - Shot Misses the Net.
5:20 of 1st period - Puck is out of play.
5:21 of 1st period - Adam Fantilli wins face-off versus Tage Thompson in Los Angeles Kings zone.
5:48 of 1st period - Ryan Hartman is hit by Seth Jarvis and loses puck.
5:53 of 1st period - Snap shot by Seth Jarvis.
5:53 of 1st period - Shot Misses the Net.
7:05 of 1st period - Alexander Wennberg is hit by Adam Fantilli and loses puck.
7:44 of 1st period - Snap shot by Andrei Svechnikov.
7:44 of 1st period - Shot Misses the Net.
7:46 of 1st period - Slapshot by Alexander Romanov.
7:46 of 1st period - Shot Blocked by Leo Carlsson.
8:02 of 1st period - Snap shot by Timo Meier.
8:02 of 1st period - Shot Misses the Net.
8:04 of 1st period - Wrist shot by Alex DeBrincat.
8:04 of 1st period - Shot Misses the Net.
8:06 of 1st period - Slapshot by Rasmus Andersson.
8:06 of 1st period - Shot Blocked by Peyton Krebs.
8:08 of 1st period - Snap shot by Rasmus Andersson.
8:08 of 1st period - Shot Misses the Net.
8:41 of 1st period - Icing by Ryan Hartman.
8:42 of 1st period - Ryan Hartman wins face-off versus Logan Cooley in Nashville Predators zone.
8:53 of 1st period - Snap shot by Alex DeBrincat.
8:53 of 1st period - Shot Misses the Net.
8:55 of 1st period - Snap shot by Tage Thompson.
8:55 of 1st period - Stopped by Andrei Vasilevskiy with a rebound.
8:57 of 1st period - Slapshot by Alex DeBrincat.
8:57 of 1st period - Shot Blocked by Blake Wheeler.
9:16 of 1st period - Slapshot by Trevor Zegras.
9:16 of 1st period - Shot Blocked by Blake Wheeler.
9:18 of 1st period - Slapshot by Simon Benoit.
9:18 of 1st period - Shot Blocked by Alexander Alexeyev.
9:27 of 1st period - Icing by Erik Brannstrom.
9:28 of 1st period - Adam Fantilli wins face-off versus Ryan Hartman in Los Angeles Kings zone.
9:56 of 1st period - Minor Penalty to Michael Milne for Roughing.
9:57 of 1st period - Seth Jarvis wins face-off versus Tage Thompson in Los Angeles Kings zone.
10:41 of 1st period - Minor Penalty to Ryan Hartman for Tripping.
10:42 of 1st period - Andrei Svechnikov wins face-off versus Colton Sissons in Nashville Predators zone.
10:48 of 1st period - Slapshot by Andrei Svechnikov.
10:48 of 1st period - Stopped by Thatcher Demko with a rebound.
11:05 of 1st period - Icing by Artem Zub.
11:06 of 1st period - Alexander Wennberg wins face-off versus Erik Brannstrom in Nashville Predators zone.
11:26 of 1st period - Rasmus Andersson is hit by Logan Cooley and loses puck.
11:43 of 1st period - Slapshot by Erik Brannstrom.
11:43 of 1st period - Stopped by Thatcher Demko without a rebound.
11:44 of 1st period - Colton Sissons wins face-off versus Seth Jarvis in Nashville Predators zone.
11:44 of 1st period - Colton Sissons is hit by K'Andre Miller.
11:56 of 1st period - Penalty to Michael Milne is over, Michael Milne is back on ice.
12:08 of 1st period - Snap shot by Seth Jarvis.
12:08 of 1st period - Shot Blocked by Brandon Montour.
12:10 of 1st period - Snap shot by Noah Dobson.
12:10 of 1st period - Shot Blocked by Brandon Montour.
12:12 of 1st period - Snap shot by K'Andre Miller.
12:12 of 1st period - Stopped by Thatcher Demko without a rebound.
12:13 of 1st period - Colton Sissons wins face-off versus Adam Fantilli in Nashville Predators zone.
12:22 of 1st period - Wrist shot by Adam Fantilli.
12:22 of 1st period - Stopped by Thatcher Demko with a rebound.
12:41 of 1st period - Penalty to Ryan Hartman is over, Ryan Hartman is back on ice.
12:50 of 1st period - Wrist shot by Ryan Hartman.
12:50 of 1st period - Shot Misses the Net.
12:54 of 1st period - Slapshot by Ryan Hartman.
12:54 of 1st period - Stopped by Andrei Vasilevskiy without a rebound.
12:55 of 1st period - Tage Thompson wins face-off versus Cooper Marody in Los Angeles Kings zone.
13:00 of 1st period - Slapshot by Timo Meier.
13:00 of 1st period - Shot Misses the Net.
13:28 of 1st period - Wrist shot by Leo Carlsson.
13:28 of 1st period - Goal by Leo Carlsson - Los Angeles Kings : 0 - Nashville Predators : 1.
13:29 of 1st period - Adam Fantilli wins face-off versus Tage Thompson in neutral zone.
13:32 of 1st period - Artem Zub is hit by Andrei Svechnikov and loses puck.
14:21 of 1st period - Wrist shot by Peyton Krebs.
14:21 of 1st period - Shot Misses the Net.
14:37 of 1st period - Snap shot by Trevor Zegras.
14:37 of 1st period - Stopped by Andrei Vasilevskiy with a rebound.
14:39 of 1st period - Slapshot by Simon Benoit.
14:39 of 1st period - Deflect By Trevor Zegras.
14:39 of 1st period - Shot Misses the Net.
14:39 of 1st period - Puck is out of play.
14:40 of 1st period - Tage Thompson wins face-off versus Adam Fantilli in Los Angeles Kings zone.
15:29 of 1st period - Off-side.
15:30 of 1st period - Logan Cooley wins face-off versus Tage Thompson in neutral zone.
15:41 of 1st period - Snap shot by Timo Meier.
15:41 of 1st period - Stopped by Andrei Vasilevskiy with a rebound.
16:00 of 1st period - Wrist shot by Thomas Novak.
16:00 of 1st period - Stopped by Andrei Vasilevskiy with a rebound.
16:10 of 1st period - Snap shot by Seth Jarvis.
16:10 of 1st period - Stopped by Thatcher Demko without a rebound.
16:11 of 1st period - Ryan Hartman wins face-off versus Adam Fantilli in Nashville Predators zone.
16:24 of 1st period - Slapshot by Adam Fantilli.
16:24 of 1st period - Shot Misses the Net.
16:26 of 1st period - Slapshot by Andrei Svechnikov.
16:26 of 1st period - Shot Misses the Net.
16:44 of 1st period - Backhand shot by Peyton Krebs.
16:44 of 1st period - Goal by Peyton Krebs - Los Angeles Kings : 1 - Nashville Predators : 1.
16:45 of 1st period - Tage Thompson wins face-off versus Adam Fantilli in neutral zone.
16:48 of 1st period - Wrist shot by Alex DeBrincat.
16:48 of 1st period - Shot Blocked by K'Andre Miller.
16:58 of 1st period - Slapshot by Andrei Svechnikov.
16:58 of 1st period - Stopped by Thatcher Demko with a rebound.
17:00 of 1st period - Slapshot by Noah Dobson.
17:00 of 1st period - Stopped by Thatcher Demko with a rebound.
17:10 of 1st period - Travis Sanheim is hit by Logan Cooley and loses puck.
17:57 of 1st period - Snap shot by Trevor Zegras.
17:57 of 1st period - Deflect By Kailer Yamamoto.
17:57 of 1st period - Shot Misses the Net.
17:57 of 1st period - Puck is out of play.
17:58 of 1st period - Tage Thompson wins face-off versus Adam Fantilli in Los Angeles Kings zone.
18:23 of 1st period - Michael Eyssimont is hit by Alexander Wennberg and loses puck.
19:52 of 1st period - Icing by Logan Cooley.
19:53 of 1st period - Thomas Novak wins face-off versus Logan Cooley in Los Angeles Kings zone.
Goals for this period are 1 for Los Angeles Kings vs 1 for Nashville Predators.
Shots for this period are 9 for Los Angeles Kings vs 10 for Nashville Predators.
2nd period
0:01 of 2nd period - Tage Thompson wins face-off versus Adam Fantilli in neutral zone.
0:26 of 2nd period - Adam Fantilli is hit by Artem Zub and loses puck.
1:19 of 2nd period - Snap shot by Andrei Svechnikov.
1:19 of 2nd period - Goal by Andrei Svechnikov - Los Angeles Kings : 2 - Nashville Predators : 1.
1:20 of 2nd period - Tage Thompson wins face-off versus Logan Cooley in neutral zone.
1:23 of 2nd period - Wrist shot by Timo Meier.
1:23 of 2nd period - Stopped by Andrei Vasilevskiy with a rebound.
2:12 of 2nd period - Snap shot by Colton Sissons.
2:12 of 2nd period - Deflect By Alexander Romanov.
2:12 of 2nd period - Shot Misses the Net.
2:12 of 2nd period - Puck is out of play.
2:13 of 2nd period - Logan Cooley wins face-off versus Ryan Hartman in Los Angeles Kings zone.
2:24 of 2nd period - Wrist shot by Colton Sissons.
2:24 of 2nd period - Goal by Colton Sissons - Los Angeles Kings : 2 - Nashville Predators : 2.
2:25 of 2nd period - Tage Thompson wins face-off versus Logan Cooley in neutral zone.
3:19 of 2nd period - Snap shot by Thomas Novak.
3:19 of 2nd period - Stopped by Andrei Vasilevskiy without a rebound.
3:20 of 2nd period - Tage Thompson wins face-off versus Adam Fantilli in Los Angeles Kings zone.
3:29 of 2nd period - Slapshot by Timo Meier.
3:29 of 2nd period - Stopped by Andrei Vasilevskiy with a rebound.
3:31 of 2nd period - Wrist shot by Timo Meier.
3:31 of 2nd period - Shot Misses the Net.
3:33 of 2nd period - Wrist shot by Timo Meier.
3:33 of 2nd period - Goal by Timo Meier - Los Angeles Kings : 2 - Nashville Predators : 3.
3:34 of 2nd period - Tage Thompson wins face-off versus Peyton Krebs in neutral zone.
3:44 of 2nd period - Snap shot by Michael Eyssimont.
3:44 of 2nd period - Stopped by Thatcher Demko with a rebound.
3:46 of 2nd period - Snap shot by Michael Milne.
3:46 of 2nd period - Stopped by Thatcher Demko with a rebound.
3:48 of 2nd period - Wrist shot by Alexander Romanov.
3:48 of 2nd period - Stopped by Thatcher Demko with a rebound.
3:50 of 2nd period - Wrist shot by Peyton Krebs.
3:50 of 2nd period - Shot Misses the Net.
4:00 of 2nd period - Alexander Romanov is hit by Ryan Hartman and loses puck.
4:19 of 2nd period - Minor Penalty to Blake Wheeler for Slashing.
4:20 of 2nd period - Seth Jarvis wins face-off versus Alexander Wennberg in Los Angeles Kings zone.
4:45 of 2nd period - Wrist shot by Timo Meier.
4:45 of 2nd period - Stopped by Andrei Vasilevskiy with a rebound.
4:47 of 2nd period - Wrist shot by Timo Meier.
4:47 of 2nd period - Goal by Timo Meier - Los Angeles Kings : 2 - Nashville Predators : 4.
4:48 of 2nd period - Tage Thompson wins face-off versus Adam Fantilli in neutral zone.
4:57 of 2nd period - Wrist shot by Timo Meier.
4:57 of 2nd period - Shot Blocked by K'Andre Miller.
5:02 of 2nd period - Icing by Adam Fantilli.
5:03 of 2nd period - Ryan Hartman wins face-off versus Adam Fantilli in Los Angeles Kings zone.
5:53 of 2nd period - Slapshot by Pius Suter.
5:53 of 2nd period - Shot Misses the Net.
6:09 of 2nd period - Slapshot by Thomas Novak.
6:09 of 2nd period - Shot Blocked by Blake Wheeler.
6:36 of 2nd period - Alexander Wennberg is hit by Adam Fantilli and loses puck.
6:55 of 2nd period - Slapshot by Alex DeBrincat.
6:55 of 2nd period - Stopped by Andrei Vasilevskiy with a rebound.
7:24 of 2nd period - Slapshot by Colton Sissons.
7:24 of 2nd period - Shot Misses the Net.
8:30 of 2nd period - Slapshot by Brandon Montour.
8:30 of 2nd period - Shot Misses the Net.
8:41 of 2nd period - Minor Penalty to Alexander Romanov for Hooking.
8:42 of 2nd period - Seth Jarvis wins face-off versus Tage Thompson in Los Angeles Kings zone.
8:46 of 2nd period - Slapshot by Alex DeBrincat.
8:46 of 2nd period - Shot Misses the Net.
8:58 of 2nd period - Wrist shot by Seth Jarvis.
8:58 of 2nd period - Shot Blocked by Brandon Montour.
9:15 of 2nd period - Snap shot by Tage Thompson.
9:15 of 2nd period - Stopped by Andrei Vasilevskiy with a rebound.
9:27 of 2nd period - Snap shot by Tage Thompson.
9:27 of 2nd period - Shot Misses the Net.
9:29 of 2nd period - Wrist shot by Tage Thompson.
9:29 of 2nd period - Shot Misses the Net.
9:31 of 2nd period - Slapshot by Alex DeBrincat.
9:31 of 2nd period - Goal by Alex DeBrincat - Los Angeles Kings : 2 - Nashville Predators : 5.
9:32 of 2nd period - Adam Fantilli wins face-off versus Ryan Hartman in neutral zone.
9:37 of 2nd period - Snap shot by Andrei Svechnikov.
9:37 of 2nd period - Stopped by Thatcher Demko without a rebound.
9:38 of 2nd period - Ryan Hartman wins face-off versus Adam Fantilli in Nashville Predators zone.
9:46 of 2nd period - Rasmus Andersson is hit by Blake Wheeler and loses puck.
9:51 of 2nd period - Snap shot by Ryan Hartman.
9:51 of 2nd period - Shot Misses the Net.
10:51 of 2nd period - Alexander Wennberg is hit by Adam Fantilli and loses puck.
11:09 of 2nd period - Rasmus Andersson is hit by Alexander Alexeyev and loses puck.
11:14 of 2nd period - Backhand shot by Alexander Wennberg.
11:14 of 2nd period - Stopped by Andrei Vasilevskiy with a rebound.
11:23 of 2nd period - Minor Penalty to Andrei Svechnikov for Holding.
11:24 of 2nd period - Tage Thompson wins face-off versus Erik Brannstrom in Los Angeles Kings zone.
11:24 of 2nd period - Snap shot by Alex DeBrincat.
11:24 of 2nd period - Stopped by Andrei Vasilevskiy without a rebound.
11:25 of 2nd period - Tage Thompson wins face-off versus Erik Brannstrom in Los Angeles Kings zone.
11:50 of 2nd period - Noah Dobson is hit by Tage Thompson and loses puck.
13:23 of 2nd period - Penalty to Andrei Svechnikov is over, Andrei Svechnikov is back on ice.
13:32 of 2nd period - Icing by K'Andre Miller.
13:33 of 2nd period - Cooper Marody wins face-off versus Thomas Novak in Los Angeles Kings zone.
14:26 of 2nd period - Artem Zub is hit by Alexander Romanov and loses puck.
14:54 of 2nd period - Slapshot by Noah Dobson.
14:54 of 2nd period - Stopped by Thatcher Demko with a rebound.
14:56 of 2nd period - Slapshot by Blake Wheeler.
14:56 of 2nd period - Shot Misses the Net.
15:25 of 2nd period - Slapshot by Colton Sissons.
15:25 of 2nd period - Stopped by Andrei Vasilevskiy with a rebound.
15:44 of 2nd period - Kailer Yamamoto is hit by Andrei Svechnikov.
16:01 of 2nd period - K'Andre Miller is hit by Timo Meier and loses puck.
17:03 of 2nd period - Logan Cooley is hit by Kailer Yamamoto and loses puck.
17:36 of 2nd period - Blake Wheeler is hit by Artem Zub and loses puck.
18:03 of 2nd period - Wrist shot by Adam Fantilli.
18:03 of 2nd period - Stopped by Thatcher Demko without a rebound.
18:04 of 2nd period - Peyton Krebs wins face-off versus Tage Thompson in Nashville Predators zone.
18:34 of 2nd period - Wrist shot by Ryan Hartman.
18:34 of 2nd period - Stopped by Andrei Vasilevskiy without a rebound.
18:35 of 2nd period - Logan Cooley wins face-off versus Ryan Hartman in Los Angeles Kings zone.
19:06 of 2nd period - Slapshot by Noah Dobson.
19:06 of 2nd period - Deflect By Logan Cooley.
19:06 of 2nd period - Stopped by Thatcher Demko with a rebound.
19:20 of 2nd period - Ben Chiarot is hit by K'Andre Miller and loses puck.
19:39 of 2nd period - Snap shot by Alex DeBrincat.
19:39 of 2nd period - Stopped by Andrei Vasilevskiy without a rebound.
19:40 of 2nd period - Peyton Krebs wins face-off versus Ryan Hartman in Los Angeles Kings zone.
19:47 of 2nd period - Wrist shot by Michael Eyssimont.
19:47 of 2nd period - Shot Misses the Net.
19:49 of 2nd period - Wrist shot by Peyton Krebs.
19:49 of 2nd period - Shot Blocked by Ryan Hartman.
19:51 of 2nd period - Slapshot by Owen Power.
19:51 of 2nd period - Deflect By Colton Sissons.
19:51 of 2nd period - Stopped by Thatcher Demko without a rebound.
19:52 of 2nd period - Peyton Krebs wins face-off versus Thomas Novak in Nashville Predators zone.
Goals for this period are 1 for Los Angeles Kings vs 4 for Nashville Predators.
Shots for this period are 9 for Los Angeles Kings vs 15 for Nashville Predators.
3rd period
0:01 of 3rd period - Timo Meier wins face-off versus Erik Brannstrom in neutral zone.
0:15 of 3rd period - Slapshot by Logan Cooley.
0:15 of 3rd period - Shot Blocked by Alex DeBrincat.
0:52 of 3rd period - Rasmus Andersson is hit by Andrei Svechnikov and loses puck.
1:25 of 3rd period - Timo Meier is hit by Michael Eyssimont.
1:49 of 3rd period - Snap shot by Pius Suter.
1:49 of 3rd period - Stopped by Andrei Vasilevskiy with a rebound.
1:51 of 3rd period - Slapshot by Simon Benoit.
1:51 of 3rd period - Shot Blocked by Alexander Romanov.
2:28 of 3rd period - Slapshot by Peyton Krebs.
2:28 of 3rd period - Shot Misses the Net.
3:47 of 3rd period - Icing by Travis Sanheim.
3:48 of 3rd period - Adam Fantilli wins face-off versus Thomas Novak in Nashville Predators zone.
4:00 of 3rd period - Icing by Pius Suter.
4:01 of 3rd period - Peyton Krebs wins face-off versus Thomas Novak in Nashville Predators zone.
4:02 of 3rd period - Slapshot by Owen Power.
4:02 of 3rd period - Shot Misses the Net.
4:12 of 3rd period - Snap shot by Peyton Krebs.
4:12 of 3rd period - Stopped by Thatcher Demko with a rebound.
4:18 of 3rd period - Pius Suter is hit by Michael Eyssimont and loses puck.
4:39 of 3rd period - Ben Chiarot is hit by Erik Brannstrom.
5:00 of 3rd period - Slapshot by Noah Dobson.
5:00 of 3rd period - Stopped by Thatcher Demko with a rebound.
5:02 of 3rd period - Wrist shot by K'Andre Miller.
5:02 of 3rd period - Deflect By Trevor Zegras.
5:02 of 3rd period - Stopped by Thatcher Demko without a rebound.
5:03 of 3rd period - Tage Thompson wins face-off versus Peyton Krebs in Nashville Predators zone.
5:12 of 3rd period - Slapshot by Timo Meier.
5:12 of 3rd period - Deflect By Tage Thompson.
5:12 of 3rd period - Shot Blocked by Michael Milne.
5:12 of 3rd period - Puck is out of play.
5:13 of 3rd period - Tage Thompson wins face-off versus Michael Eyssimont in Los Angeles Kings zone.
5:20 of 3rd period - Brandon Montour is hit by Michael Eyssimont and loses puck.
5:29 of 3rd period - Slapshot by Michael Eyssimont.
5:29 of 3rd period - Deflect By Brandon Montour.
5:29 of 3rd period - Shot Misses the Net.
5:29 of 3rd period - Puck is out of play.
5:30 of 3rd period - Logan Cooley wins face-off versus Ryan Hartman in Nashville Predators zone.
6:20 of 3rd period - Artem Zub is hit by Adam Fantilli and loses puck.
6:37 of 3rd period - Slapshot by Brandon Montour.
6:37 of 3rd period - Stopped by Andrei Vasilevskiy with a rebound.
6:39 of 3rd period - Snap shot by Brandon Montour.
6:39 of 3rd period - Shot Misses the Net.
6:41 of 3rd period - Snap shot by Trevor Zegras.
6:41 of 3rd period - Stopped by Andrei Vasilevskiy with a rebound.
6:43 of 3rd period - Slapshot by Brandon Montour.
6:43 of 3rd period - Deflect By Seth Jarvis.
6:43 of 3rd period - Stopped by Andrei Vasilevskiy without a rebound.
6:44 of 3rd period - Peyton Krebs wins face-off versus Alex DeBrincat in Los Angeles Kings zone.
7:37 of 3rd period - Snap shot by Owen Power.
7:37 of 3rd period - Deflect By Rasmus Andersson.
7:37 of 3rd period - Stopped by Thatcher Demko with a rebound.
7:39 of 3rd period - Slapshot by Owen Power.
7:39 of 3rd period - Stopped by Thatcher Demko without a rebound.
7:40 of 3rd period - Tage Thompson wins face-off versus Peyton Krebs in Nashville Predators zone.
8:10 of 3rd period - Off-side.
8:11 of 3rd period - Ryan Hartman wins face-off versus Adam Fantilli in neutral zone.
8:48 of 3rd period - Wrist shot by Andrei Svechnikov.
8:48 of 3rd period - Goal by Andrei Svechnikov - Los Angeles Kings : 3 - Nashville Predators : 5.
8:49 of 3rd period - Cooper Marody wins face-off versus Timo Meier in neutral zone.
8:52 of 3rd period - Snap shot by Tage Thompson.
8:52 of 3rd period - Shot Blocked by K'Andre Miller.
8:55 of 3rd period - Icing by Noah Dobson.
8:56 of 3rd period - Cooper Marody wins face-off versus Tage Thompson in Los Angeles Kings zone.
9:03 of 3rd period - Wrist shot by Noah Dobson.
9:03 of 3rd period - Shot Misses the Net.
9:05 of 3rd period - Wrist shot by Erik Brannstrom.
9:05 of 3rd period - Stopped by Thatcher Demko without a rebound.
9:06 of 3rd period - Logan Cooley wins face-off versus Tage Thompson in Nashville Predators zone.
9:17 of 3rd period - Slapshot by Travis Sanheim.
9:17 of 3rd period - Stopped by Andrei Vasilevskiy without a rebound.
9:18 of 3rd period - Tage Thompson wins face-off versus Cooper Marody in Los Angeles Kings zone.
9:22 of 3rd period - Minor Penalty to Erik Brannstrom for Hooking.
9:23 of 3rd period - Seth Jarvis wins face-off versus Colton Sissons in Los Angeles Kings zone.
9:37 of 3rd period - Snap shot by Alexander Wennberg.
9:37 of 3rd period - Stopped by Andrei Vasilevskiy with a rebound.
9:48 of 3rd period - Icing by Colton Sissons.
9:49 of 3rd period - Seth Jarvis wins face-off versus Colton Sissons in Nashville Predators zone.
10:00 of 3rd period - Wrist shot by Seth Jarvis.
10:00 of 3rd period - Shot Misses the Net.
11:22 of 3rd period - Penalty to Erik Brannstrom is over, Erik Brannstrom is back on ice.
11:23 of 3rd period - Erik Brannstrom is hit by Alex DeBrincat and loses puck.
11:38 of 3rd period - Slapshot by Noah Dobson.
11:38 of 3rd period - Shot Misses the Net.
11:40 of 3rd period - Slapshot by Noah Dobson.
11:40 of 3rd period - Shot Blocked by Travis Sanheim.
11:42 of 3rd period - Wrist shot by Michael Milne.
11:42 of 3rd period - Stopped by Thatcher Demko with a rebound.
11:46 of 3rd period - Backhand shot by Erik Brannstrom.
11:46 of 3rd period - Shot Misses the Net.
11:48 of 3rd period - Snap shot by K'Andre Miller.
11:48 of 3rd period - Shot Misses the Net.
11:50 of 3rd period - Snap shot by Michael Milne.
11:50 of 3rd period - Shot Misses the Net.
11:52 of 3rd period - Wrist shot by Erik Brannstrom.
11:52 of 3rd period - Shot Blocked by Brandon Montour.
11:58 of 3rd period - Wrist shot by Erik Brannstrom.
11:58 of 3rd period - Stopped by Thatcher Demko with a rebound.
12:00 of 3rd period - Slapshot by K'Andre Miller.
12:00 of 3rd period - Stopped by Thatcher Demko without a rebound.
12:01 of 3rd period - Trevor Zegras wins face-off versus Adam Fantilli in Nashville Predators zone.
12:10 of 3rd period - Wrist shot by Leo Carlsson.
12:10 of 3rd period - Stopped by Andrei Vasilevskiy with a rebound.
12:12 of 3rd period - Wrist shot by Kailer Yamamoto.
12:12 of 3rd period - Shot Blocked by Owen Power.
12:14 of 3rd period - Snap shot by Kailer Yamamoto.
12:14 of 3rd period - Shot Misses the Net.
12:16 of 3rd period - Slapshot by Simon Benoit.
12:16 of 3rd period - Deflect By Trevor Zegras.
12:16 of 3rd period - Stopped by Andrei Vasilevskiy with a rebound.
13:00 of 3rd period - Minor Penalty to Ryan Reaves for Cross-checking.
13:01 of 3rd period - Colton Sissons wins face-off versus Seth Jarvis in Los Angeles Kings zone.
13:07 of 3rd period - Slapshot by Colton Sissons.
13:07 of 3rd period - Stopped by Andrei Vasilevskiy with a rebound.
13:09 of 3rd period - Snap shot by Rasmus Andersson.
13:09 of 3rd period - Goal by Rasmus Andersson - Los Angeles Kings : 3 - Nashville Predators : 6.
13:10 of 3rd period - Tage Thompson wins face-off versus Logan Cooley in neutral zone.
13:42 of 3rd period - Slapshot by Owen Power.
13:42 of 3rd period - Stopped by Thatcher Demko with a rebound.
13:44 of 3rd period - Wrist shot by Michael Eyssimont.
13:44 of 3rd period - Shot Misses the Net.
13:46 of 3rd period - Slapshot by Owen Power.
13:46 of 3rd period - Shot Misses the Net.
13:48 of 3rd period - Slapshot by Peyton Krebs.
13:48 of 3rd period - Shot Misses the Net.
13:58 of 3rd period - Noah Dobson is hit by Pius Suter and loses puck.
14:13 of 3rd period - Taylor Raddysh is hit by Andrei Svechnikov.
15:11 of 3rd period - Snap shot by Alexander Wennberg.
15:11 of 3rd period - Shot Misses the Net.
16:05 of 3rd period - Snap shot by Tage Thompson.
16:05 of 3rd period - Shot Misses the Net.
16:29 of 3rd period - Peyton Krebs is hit by Travis Sanheim.
16:38 of 3rd period - Snap shot by Thomas Novak.
16:38 of 3rd period - Goal by Thomas Novak - Los Angeles Kings : 3 - Nashville Predators : 7.
16:39 of 3rd period - Tage Thompson wins face-off versus Logan Cooley in neutral zone.
17:35 of 3rd period - Slapshot by Andrei Svechnikov.
17:35 of 3rd period - Stopped by Thatcher Demko with a rebound.
17:49 of 3rd period - Thomas Novak is hit by Erik Brannstrom and loses puck.
18:01 of 3rd period - Brandon Montour is hit by Owen Power and loses puck.
18:05 of 3rd period - Icing by Michael Milne.
18:06 of 3rd period - Peyton Krebs wins face-off versus Kailer Yamamoto in Los Angeles Kings zone.
18:32 of 3rd period - Alexander Romanov is hit by Tage Thompson and loses puck.
19:09 of 3rd period - Erik Brannstrom is hit by Pius Suter and loses puck.
19:28 of 3rd period - Leo Carlsson is hit by Owen Power and loses puck.
19:33 of 3rd period - Slapshot by Peyton Krebs.
19:33 of 3rd period - Shot Misses the Net.
19:35 of 3rd period - Slapshot by Alexander Romanov.
19:35 of 3rd period - Shot Misses the Net.
19:47 of 3rd period - Wrist shot by Timo Meier.
19:47 of 3rd period - Stopped by Andrei Vasilevskiy with a rebound.
19:49 of 3rd period - Snap shot by Alex DeBrincat.
19:49 of 3rd period - Shot Misses the Net.
19:51 of 3rd period - Slapshot by Rasmus Andersson.
19:51 of 3rd period - Shot Blocked by Seth Jarvis.
19:53 of 3rd period - Backhand shot by Travis Sanheim.
19:53 of 3rd period - Shot Blocked by Logan Cooley.
19:55 of 3rd period - Snap shot by Tage Thompson.
19:55 of 3rd period - Shot Misses the Net.
Goals for this period are 1 for Los Angeles Kings vs 2 for Nashville Predators.
Shots for this period are 12 for Los Angeles Kings vs 12 for Nashville Predators.
Back to the Top